 Dungeon Crawl Stone Soup version 0.30-a0-1160-g6e42c06551 (webtiles) character file.

Game seed: 7423665917048759757

6675 ragingrage the Slicer (level 11, -15/81 HPs)
             Began as a Formicid Monk on Apr 26, 2023.
             Was a High Priest of Okawaru.
             Demolished by Urug
             ... wielding a +1 war axe of venom
              (25 damage)
             ... on level 1 of the Lair of Beasts.
             The game lasted 00:13:49 (10617 turns).

ragingrage the Slicer (Formicid Monk)              Turns: 10617, Time: 00:13:49

Health: -15/81     AC:  7    Str: 15    XL:     11   Next: 23%
Magic:  0/17       EV: 20    Int: 11    God:    Okawaru [*****.]
Gold:   663        SH:  0    Dex: 20    Spells: 7/10 levels left

rFire   + . .        a - +2 dagger (drain)
rCold   . . .        D - orb {light}
rNeg    + . .        K - +2 robe {rF+}
rPois   +            (helmet unavailable)
rElec   .            h - +0 cloak
rCorr   .            (no gloves)
SInv    +            A - +0 pair of boots
Will    +....        T - amulet of the Heavens {Spirit *Slow rPois SInv}
Stlth   ++           i - ring of positive energy
HPRegen 0.33/turn    o - +5 ring of evasion
MPRegen 0.15/turn

%: slow self (1%), guardian spirit
@: heroic, grasped by roots, glowing, constricted
A: permanent stasis, dig shafts and tunnels, antennae 3, four strong arms
a: Dig, Shaft Self, Renounce Religion, Heroism, Finesse, Duel


You were on level 1 of the Lair of Beasts.
You worshipped Okawaru.
Okawaru was extremely pleased with you.
You visited 2 branches of the dungeon, and saw 11 of its levels.
You also visited: Sewer.

You collected 663 gold pieces.

Inventory:

Hand Weapons
 a - a +2 dagger of draining (weapon)
 b - a +0 shortbow
 c - a +2 dagger of venom
 d - a +2 falchion of holy wrath
 W - a +0 scimitar
Missiles
 m - 3 boomerangs
 I - 16 poisoned darts
 M - a javelin
 Q - 2 curare-tipped darts
 R - 5 datura-tipped darts
Armour
 h - a +0 cloak (worn)
 l - a +0 ring mail
 A - a +0 pair of boots (worn)
 D - an orb of light (worn)
 K - a +2 robe of fire resistance (worn)
Jewellery
 g - a ring of positive energy
 i - a ring of positive energy (left hand)
 o - a +5 ring of evasion (right hand)
 v - a ring of fire
 L - a ring of positive energy
 T - the amulet of the Heavens (around neck) {Spirit *Slow rPois SInv}
   (You found it on level 9 of the Dungeon)

   [amulet of guardian spirit]

   It causes incoming damage to be divided between your reserves of health and
   magic.
   rPois:     It protects you from poison.
   SInv:      It lets you see invisible.
   *Slow:     It may slow you when you take damage.
Wands
 f - a wand of polymorph (11)
 n - a wand of paralysis (17)
 C - a wand of roots (30)
 F - a wand of mindburst (15)
Scrolls
 e - 2 scrolls of magic mapping
 q - 3 scrolls of enchant weapon
 u - 3 scrolls of fear {unknown}
 y - 2 scrolls of acquirement {unknown}
 B - 2 scrolls of fog {unknown}
 E - a scroll of amnesia {unknown}
 J - a scroll of poison {unknown}
 P - a scroll of silence {unknown}
 S - a scroll of enchant armour {unknown}
 X - a scroll of noise {unknown}
Potions
 j - 3 potions of brilliance
 k - 6 potions of curing
 p - 2 potions of mutation
 r - a potion of resistance {unknown}
 s - 2 potions of lignification
 t - 2 potions of might {unknown}
 w - 2 potions of berserk rage {unknown}
 x - a potion of heal wounds
 z - a potion of ambrosia
 G - 2 potions of haste {unknown}
 H - 2 potions of magic {unknown}
 N - 2 potions of degeneration {unknown}
 O - 4 potions of cancellation {unknown}
 V - a potion of attraction {unknown}
Miscellaneous
 U - a condenser vane


   Skills:
 + Level 6.2(11.2) Fighting
 - Level 9.2(15.0) Short Blades
 + Level 5.7(13.3) Long Blades
 - Level 4.0(9.0) Throwing
 - Level 5.0(10.0) Armour
 + Level 4.2(9.2) Dodging
 - Level 3.0(8.0) Stealth
 - Level 8.0 Invocations
 + Level 6.2 Evocations


You had 7 spell levels left.
You knew the following spells:

 Your Spells              Type           Power      Damage    Failure   Level
a - Confusing Touch       Hex            0%         N/A       71%         3

Your spell library contained the following spells:

 Spells                   Type           Power      Damage    Failure   Level
 Slow                     Hex            0%         N/A       34%         1
 Lesser Beckoning         Tloc           0%         N/A       47%         2
 Dazzling Flash           Conj/Hex       0%         N/A       71%         3
 Gell's Gravitas          Tloc           0%         N/A       71%         3
 Hailstorm                Conj/Ice       0%         3d3       71%         3
 Teleport Other           Tloc           0%         N/A       71%         3
 Vampiric Draining        Necr           0%         2d6       71%         3
 Ice Form                 Ice/Tmut       0%         N/A       98%         4
 Agony                    Necr           0%         N/A       100%        5
 Silence                  Hex/Air        0%         N/A       100%        5
 Simulacrum               Ice/Necr       Unusable   N/A       N/A         6

Dungeon Overview and Level Annotations

Branches:
Dungeon (10/15)            Temple (0/1) D:6            Lair (1/5) D:9
  Sewer (visited)
    Orc: D:9-12

Altars:
Cheibriados
Gozag
Okawaru
Ru
Uskayaw
Zin
The Shining One

Shops:
D:2 (

Annotations:
D:2 Sigmund
D:3 2 transporters, kuroshi's ghost, amateur DjFE
Lair:1 Urug


Innate Abilities, Weirdness & Mutations

You cannot be hasted, slowed, berserked, paralysed or teleported.
You can dig through walls and to a lower floor.
You have a pair of large antennae on your head. (SInv)
Your four strong arms can wield two-handed weapons with a shield.


Message History

Urug the Orcish Ballista comes into view.
She is wielding a +1 war axe of venom and carrying a wand of roots (6).
Urug shouts!
Urug zaps a wand.
The roots erupt in riotous growth!
The grasping roots grab you! The grasping roots constrict you.
You escape the roots grasp.
Urug zaps a wand.
The roots erupt in riotous growth!
The grasping roots grab you!
Urug is unaffected.
The grasping roots constrict you!
You hit Urug but do no damage. You drain Urug. You hit Urug but do no damage.
Urug hits you with a +1 war axe of venom!
You are poisoned.
The grasping roots constrict you.
The grasping roots release their grip on you.
You barely miss Urug.
You feel sick.
You hit Urug but do no damage.
You feel sick.
Urug hits you with a +1 war axe of venom!!
You completely miss Urug.
You feel sick.
You feel better.
Urug zaps a wand.
The roots erupt in riotous growth!
The grasping roots grab you!
Urug is unaffected.
The grasping roots constrict you!
You gain the combat prowess of a mighty hero.
Urug hits you with a +1 war axe of venom!!
* * * LOW HITPOINT WARNING * * *
The grasping roots constrict you!
* * * LOW HITPOINT WARNING * * *
You feel much better.
Urug hits you with a +1 war axe of venom!!
* * * LOW HITPOINT WARNING * * *
You are lethally poisoned!
The grasping roots constrict you!
* * * LOW HITPOINT WARNING * * *
You feel better.
Urug hits you with a +1 war axe of venom!!
You die...

## ####### #.##
....... .....
...... .....
..... ......
#...# ###......
..#
#...###....##
..# #..!..@o..P#
..# #...#####.##
..## #...# ...#
#...#
...########...#
..............##
..............P#
.....#####.#..##
.....#......#..#


You could see Urug (drained).

Vanquished Creatures
  A rime drake (D:9)
  Grinder (D:6)
  A wyvern (D:8)
  14 yaks
  2 water moccasins
  An orc warrior (D:6)
  4 black bears
  3 ice beasts
  A sky beast (D:6)
  3 ogres
  3 centaurs
  2 wolves (D:9)
  3 phantoms
  2 kobold brigands
  5 bullfrogs
  6 scorpions
  15 howler monkeys
  2 electric eels (D:9)
  3 hounds
  A jelly (D:7)
  2 orc priests
  2 iguanas (D:5)
  A gnoll bouda (D:6)
  5 orc wizards
  3 gnolls (D:6)
  13 adders
  5 river rats (Sewer)
  4 white imps
  3 worms (D:3)
  A dart slug (D:2)
  18 orcs
  9 ball pythons
  3 bats (D:2)
  3 endoplasms
  2 giant cockroaches (D:3)
  8 goblins
  8 hobgoblins
  3 jackals (D:5)
  5 quokkas
  3 frilled lizards
  20 kobolds
  32 rats
226 creatures vanquished.

Notes
Turn   | Place    | Note
-------+----------+-------------------------------------------
     0 | D:1      | ragingrage the Formicid Monk began the quest for the Orb.
     0 | D:1      | Reached XP level 1. HP: 18/18 MP: 1/1
   374 | D:1      | Reached XP level 2. HP: 24/24 MP: 2/2
   682 | D:2      | Found Ryiteth's Weapon Shop.
   768 | D:2      | Noticed Sigmund
   771 | D:2      | You fall into a shaft and drop 2 floors!
   936 | D:5      | Entered Level 5 of the Dungeon
   939 | D:5      | Noticed a scorpion
   956 | D:4      | Reached XP level 3. HP: 13/26 MP: 3/3
   972 | D:4      | Reached XP level 4. HP: 9/35 MP: 4/4
  1129 | D:4      | Reached skill level 5 in Long Blades
  1277 | D:4      | Reached XP level 5. HP: 41/41 MP: 5/5
  1547 | D:3      | Learned a level 3 spell: Confusing Touch
  1641 | D:3      | Reached skill level 2 in Short Blades
  1688 | D:3      | Reached XP level 6. HP: 47/47 MP: 6/6
  1720 | D:3      | Found a glowing drain.
  1757 | Sewer    | Entered a sewer
  1805 | Sewer    | Reached skill level 3 in Short Blades
  1939 | Sewer    | Reached skill level 1 in Stealth
  2351 | Sewer    | Reached skill level 4 in Short Blades
  2351 | Sewer    | Reached XP level 7. HP: 46/52 MP: 7/7
  2631 | D:3      | Found a snail-covered altar of Cheibriados.
  2847 | D:3      | Found a transporter.
  2852 | D:3      | Noticed kuroshi's ghost (amateur DjFE)
  2855 | D:3      | Identified the +0 dire flail "Busoz" {heavy, rF+ Int+2}
  2859 | D:3      | Found a transporter.
  3467 | D:3      | Reached skill level 5 in Short Blades
  3488 | D:3      | Found a faded altar of an unknown god.
  3488 | D:3      | Found a glowing silver altar of Zin.
  3496 | D:3      | Found a hide-covered altar of Uskayaw.
  3503 | D:3      | Found a faded altar of an unknown god.
  3504 | D:3      | Found a glowing golden altar of the Shining One.
  4102 | D:4      | Found an iron altar of Okawaru.
  4138 | D:4      | Became a worshipper of Warmaster Okawaru
  4138 | D:4      | Reached * piety under Okawaru
  4138 | D:4      | Reached ** piety under Okawaru
  4236 | D:4      | Reached skill level 6 in Short Blades
  4236 | D:4      | Reached XP level 8. HP: 58/58 MP: 8/8
  4661 | D:5      | Reached skill level 7 in Short Blades
  4903 | D:5      | Reached skill level 8 in Short Blades
  5064 | D:5      | Reached *** piety under Okawaru
  5394 | D:6      | Reached skill level 9 in Short Blades
  5394 | D:6      | Reached XP level 9. HP: 61/64 MP: 9/9
  5640 | D:6      | Found a staircase to the Ecumenical Temple.
  5658 | D:6      | Reached skill level 1 in Armour
  5747 | D:6      | Found an opulent altar of Gozag.
  6335 | D:6      | Noticed Grinder
  6349 | D:6      | Killed Grinder
  6349 | D:6      | Received a gift from Okawaru
  6792 | D:7      | Reached skill level 5 in Fighting
  6983 | D:7      | Reached **** piety under Okawaru
  7115 | D:7      | Found a sacrificial altar of Ru.
  7281 | D:7      | Reached skill level 5 in Armour
  7329 | D:7      | Reached skill level 1 in Throwing
  7329 | D:7      | Reached skill level 1 in Invocations
  7415 | D:7      | Reached XP level 10. HP: 71/74 MP: 11/11
  7699 | D:8      | Reached skill level 1 in Evocations
  7810 | D:8      | Received a gift from Okawaru
  7989 | D:8      | Reached ***** piety under Okawaru
  8036 | D:8      | Reached skill level 5 in Invocations
  8046 | D:8      | Identified the +0 robe of Guj Osh {rN+ Str+3 Stlth+}
                  | (Okawaru gifted it to you on level 8 of the Dungeon)
  8046 | D:8      | Received a gift from Okawaru
  8056 | D:8      | Reached skill level 5 in Evocations
  8885 | D:9      | Noticed a rime drake
  8903 | D:9      | Killed a rime drake
  9198 | D:9      | Reached XP level 11. HP: 81/81 MP: 15/15
  9464 | D:9      | Identified the amulet of the Heavens {Spirit *Slow rPois
                  | SInv}
  9891 | D:9      | Found a staircase to the Lair.
 10507 | D:10     | Entered Level 10 of the Dungeon
 10541 | D:10     | Noticed a sun demon
 10541 | D:10     | Noticed a two-headed ogre
 10577 | Lair:1   | Entered Level 1 of the Lair of Beasts
 10605 | Lair:1   | Noticed Urug
 10616 | Lair:1   | HP: 4/81 [constriction (7)]
 10617 | Lair:1   | Demolished by Urug

Illustrated notes

Levels and vault maps discovered:
D:1:      lightli_arrival_farm, layout_basic, corexii_corridor_pit
D:2:      layout_rooms, serial_shops, nicolae_shop_bloodbath_and_beyond,
          dk_noncrumbling_4, grunt_decor_junction, uniq_sigmund
D:3:      layout_basic, cheibrodos_worm_habitat,
          chequers_temple_overflow_minitemple, gammafunk_ghost_smash,
          portal_sewer_entry_b
D:4:      layout_cave_pools, mainiacjoe_overflow_alcove_1, abandoned_shop
D:5:      layout_loops_ring
D:6:      kennysheep_big_flooded_room, layout_basic, general_overflow_altar,
          temple_fountains, uniq_grinder
D:7:      layout_basic, mainiacjoe_overflow_small_starburst
D:8:      layout_layer_cave
D:9:      layout_grid_maze, hellmonk_lair_entry_icy, kennysheep_small_spiral,
          minmay_crystal_water
D:10:     layout_rooms, old_standard_altar, nzn_wu_jian_contemplation,
          serial_demonic, serial_demonic_g, serial_demonic_b, serial_demonic_f,
          serial_demonic_e, serial_demonic_e, serial_demonic_g,
          serial_demonic_a, serial_demonic_c, serial_shops, shop,
          nicolae_trove_entry_isolated
Lair:1:   layout_chaotic_city, uniq_maggie, uniq_urug

Skill      XL: |  1  2  3  4  5  6  7  8  9 10 11 |
---------------+----------------------------------+-----
Long Blades    | 4 5 |  5.7
Short Blades   | 2 4 6 9 |  9.2
Stealth        | 2 3 |  3.0
Armour         | 5 |  5.0
Dodging        | 4 |  4.2
Fighting       | 5 6 |  6.2
Throwing       | 1 4 |  4.0
Invocations    | 1 5 8 |  8.0
Evocations     | 6 |  6.2

Action                     |  1- 3 |  4- 6 |  7- 9 | 10-12 || total
---------------------------+-------+-------+-------+-------++-------
  Melee: Falchion          |    50 |    21 |    42 |       ||   113
         Dagger            |       |   157 |   343 |   372 ||   872
   Fire: Shortbow          |       |       |    19 |       ||    19
 Invoke: Heroism           |       |       |       |     1 ||     1
Ability: Dig               |     1 |       |     1 |       ||     2
         Shaft Self        |     1 |       |       |       ||     1
    Use: Potion            |     1 |       |       |     3 ||     4
         Scroll            |       |     1 |     5 |     1 ||     7
   Stab: Sleeping          |       |       |     1 |       ||     1
         Distracted        |       |       |       |     1 ||     1
 Armour: Robe              |    12 |       |     7 |    32 ||    51
         Ring mail         |       |    42 |    49 |       ||    91
  Dodge: Dodged            |    45 |   108 |   234 |   156 ||   543

Table legend: (Time is in decaauts)
 A = Elapsed time spent in this place.
 B = Non-inter-level travel time spent in this place.
 C = Inter-level travel time spent in this place.
 D = Time resting spent in this place.
 E = Time spent auto-exploring this place.
 F = Levels seen in this place.
 G = Mean time per level.
                   A        B        C        D        E       F      G
               +--------+--------+--------+--------+--------+-----+--------+
         Total |  10333 |   9694 |    639 |   1612 |   6221 |  12 |  861.1 |
       Dungeon |   9598 |   8960 |    638 |   1331 |   6026 |  10 |  959.8 |
          Lair |     37 |     37 |      0 |      0 |     26 |   1 |   37.0 |
         Sewer |    697 |    697 |      0 |    281 |    169 |   1 |  697.0 |
               +--------+--------+--------+--------+--------+-----+--------+

Top non-repeatable levels by time:
     D:9: 1697 daAuts
     D:6: 1357 daAuts
     D:3: 1346 daAuts
     D:4: 1214 daAuts
     D:8: 1042 daAuts
     D:5: 895 daAuts
     D:7: 808 daAuts
     D:1: 699 daAuts
   Sewer: 697 daAuts
     D:2: 497 daAuts
    D:10: 39 daAuts
  Lair:1: 37 daAuts
